 Dungeon Crawl Stone Soup version 0.31.0-1-g2c135a0 (webtiles) character file.

Game seed: 10064036684971189277

557505 Alkett the Executioner (level 25, -3/247 HPs)
             Began as a Minotaur Berserker on Mar 22, 2024.
             Was an Elder of Trog.
             Killed from afar by a black draconian knight (14 damage)
             ... with a bolt of lightning
             ... led by a red draconian scorcher
             ... on level 2 of the Realm of Zot on Apr 1, 2024.
             The game lasted 09:19:10 (63811 turns).

Alkett the Executioner (Minotaur Berserker)        Turns: 63811, Time: 09:19:11

Health: -3/247     AC: 41    Str: 38    XL:     25   Next: 24%
Magic:  19/19      EV: 11    Int:  4    God:    Trog [****..]
Gold:   5075       SH: 37    Dex: 21    Spells: 24/24 levels left

rFire   + + +        A - +5 war axe of Drought {heavy, rC+ rN+ Dex+3}
rCold   + + +        u - +7 tower shield "Uguguwof" {Dex+8}
rNeg    + . .        R - +15 Maxwell's patent armour {-Cast -Tele rElec Will+ rCorr}
rPois   +            S - +2 hat
rElec   +            Q - scarf {rC+ rF+}
rCorr   +            l - +2 pair of gloves
SInv    .            O - +2 pair of boots {rampage}
Will    ++++.        j - amulet "Ovorher" {Reflect rF+ SH+5 Stlth+} Stlth
                     I - +6 ring of strength
HPRegen 1.61/turn    L - +4 ring of slaying
MPRegen 0.16/turn

%: no teleportation, no spellcasting, reflection, clarity, rampage
@: lethally poisoned (-3 -> -4), resistant, strong-willed, regenerating,
studying Polearms, invisible
A: horns 2, retaliatory headbutt, talons 1, camouflage 1, clarity, clumsy 1,
deformed body, low MP 1, shaggy fur 1, sturdy frame 1
}: 3/15 runes: barnacled, silver, gossamer
a: Renounce Religion, Berserk, Trog's Hand, Brothers in Arms


You were on level 2 of the Realm of Zot.
You worshipped Trog.
Trog was greatly pleased with you.
You visited 9 branches of the dungeon, and saw 44 of its levels.
You also visited: Ice Cave.

You collected 9107 gold pieces.
You spent 4032 gold pieces at shops.

Inventory:

Hand Weapons
 A - the +5 war axe of Drought (weapon) {heavy, rC+ rN+ Dex+3}
   (You found it on level 10 of the Dungeon)

   Dex+3:     It affects your dexterity (+3).
   rC+:       It protects you from cold.
   rN+:       It protects you from negative energy.
 K - a +6 flail of flaming
Missiles
 D - 11 boomerangs
 J - 3 javelins
 V - 4 silver javelins (quivered)
Armour
 l - a +2 pair of gloves (worn)
 s - a +2 cloak
 u - the +7 tower shield "Uguguwof" (worn) {Dex+8}
   (You acquired it on level 2 of the Spider Nest)

   Dex+8:     It affects your dexterity (+8).
 O - a +2 pair of boots of rampaging (worn)
 Q - a scarf of resistance (worn)
 R - the +15 Maxwell's patent armour (worn) {-Cast -Tele rElec Will+ rCorr}
   (You acquired it on level 2 of the Shoals)

   rElec:     It insulates you from electricity.
   Will+:     It increases your willpower.
   -Cast:     It prevents spellcasting.
   -Tele:     It prevents most forms of teleportation.
   rCorr:     It protects you from acid and corrosion.
 S - a +2 hat (worn)
 Z - a +2 crystal plate armour
Jewellery
 j - the amulet "Ovorher" (around neck) {Reflect rF+ SH+5 Stlth+}
   (You took it off a red devil on level 3 of the Depths)

   [amulet of reflection]

   Reflect:   It reflects blocked missile attacks.
   rF+:       It protects you from fire.
   SH+5:      It affects your SH (+5).
   Stlth+:    It makes you more stealthy.
 B - a ring of willpower
 C - the ring of Hospitality {rPois rC++ rN+ Int+6 Dex-5}
   (You bought it in a shop on level 10 of the Dungeon)

   [ring of intelligence]

   Int+6:     It affects your intelligence (+6).
   Dex-5:     It affects your dexterity (-5).
   rC++:      It greatly protects you from cold.
   rPois:     It protects you from poison rN+: It protects you from negative
   energy.
 I - a +6 ring of strength (left hand)
 L - a +4 ring of slaying (right hand)
Wands
 d - a wand of mindburst (3)
 m - a wand of flame (93)
 p - a wand of charming (21)
 q - a wand of acid (31)
 t - a wand of polymorph (20)
 v - a wand of iceblast (46)
 X - a wand of digging (23)
Scrolls
 c - 7 scrolls of revelation
 k - 34 scrolls of identify
 n - 26 scrolls of teleportation
 w - a scroll of brand weapon
 E - 2 scrolls of enchant armour
 F - a scroll of fear
 P - a scroll of fog
 T - 6 scrolls of enchant weapon
 U - 6 scrolls of blinking
Potions
 a - 2 potions of might
 b - a potion of invisibility
 f - a potion of lignification
 g - 15 potions of curing
 i - 8 potions of attraction
 o - 5 potions of enlightenment
 r - 18 potions of ambrosia
 G - 2 potions of cancellation
 N - 3 potions of resistance
Miscellaneous
 y - a tin of tremorstones (1/2)
 z - a lightning rod (4/4)
 H - a phial of floods
 W - a phantom mirror (inert)
 Y - a sack of spiders


   Skills:
 * Level 24.4 Fighting
 - Level 26.9(27) Axes
 - Level 5.1(18.6) Maces & Flails
 + Level 15.2 Throwing
 + Level 22.6 Armour
 - Level 2.1 Dodging
 + Level 23.3 Shields
 + Level 16.2 Evocations


You had 24 spell levels left.
You didn't know any spells.
Your spell library contained the following spells:

 Spells                   Type           Power      Damage    Failure   Level
 Tukima's Dance           Hex            0%         N/A       99%         3
 Dimensional Bullseye     Hex/Tloc       0%         N/A       100%        4
 Iskenderun's Mystic Bla  Conj/Tloc      0%         2d3       100%        4


Dungeon Overview and Level Annotations

Branches:
Dungeon (15/15)            Temple (0/1) D:7            Lair (5/5) D:8
 Shoals (4/4) Lair:3       Spider (4/4) Lair:2          Orc (2/2) D:11
    Elf (3/3) Orc:2        Vaults (5/5) D:13          Crypt (0/3) Vaults:3
 Depths (4/4) D:15            Zot (2/5) Depths:4      IceCv (visited)
  Slime: Lair:4-5

Altars:
Ashenzari
Dithmenos
Elyvilon
Fedhas
Kikubaaqudgha
Nemelex Xobeh
Okawaru
Ru
Sif Muna
Trog
Uskayaw
Vehumet
Wu Jian
Xom
Yredelemnul
Zin
The Shining One
Jiyva

Shops:
D:2 [   D:5 ?   D:10 =   D:13 (?!   Orc:1 [   Orc:2 =*:(   Elf:2 ?(!?
Vaults:1 =   Vaults:3 !   Vaults:4 [   Depths:1 !*

Portals:
Hell: Depths:1 Depths:2 Depths:3 Depths:4
Abyss: Depths:2 Depths:3 Depths:4
Pandemonium: Depths:2
Ziggurat: Depths:1

Annotations:
D:9 exclusion: orange crystal statue
Lair:4 exclusion: oklob plant


Innate Abilities, Weirdness & Mutations

You have a pair of horns on your head.
You reflexively headbutt those who attack you in melee.
You have sharp toenails.
Your skin changes colour to match your surroundings (Stealth+).
You possess an exceptional clarity of mind.
You are clumsy. (Dex -2)
Armour fits poorly on your strangely shaped body.
Your magical capacity is low. (-10% MP)
You are covered in fur. (AC +1)
Your movements are slightly less encumbered by armour. (ER -2)


Message History

Something unexpectedly blocks you, preventing you from rampaging!
You cut something into ribbons!!! You headbutt something. You miss something.
You feel sick.
A bolt of lightning appears from out of thin air!
The bolt of lightning hits you. You resist.
* * * LOW HITPOINT WARNING * * *
Your yellow draconian annihilator spits acid at the yellow draconian annihilator.
The glob of acid hits the yellow draconian annihilator!
The yellow draconian annihilator dies!
Trog accepts your kill.
Trog appreciates your killing of a magic user.
Something hits you.
* * * LOW HITPOINT WARNING * * *
You fade into invisibility!
You feel sick. You block something's attack. x2
You block the green draconian's attack. x2
You feel protected.
You feel sick.
The purple draconian dies!
Something hits you!!
* * * LOW HITPOINT WARNING * * *
You block the green draconian's attack.
The green draconian tail-slaps you but does no damage.
You feel much better.
You feel sick.
The green draconian is no longer covered in acid.
Something hits you!!
* * * LOW HITPOINT WARNING * * *
Your yellow draconian annihilator closely misses something.
You block the tentacled monstrosity's attack. x4
Okay, then.
You carve the tentacled monstrosity like a ham!!!
You headbutt the tentacled monstrosity.
The tentacled monstrosity is severely wounded.
You hit something but do no damage. You slash something!
You feel sick.
You hear some strange, mumbled words.
A bolt of cold appears from out of thin air!
The bolt of cold misses you.
A bolt of lightning appears from out of thin air!
The bolt of lightning hits you! You resist.
You die...

#..# ...# #..#
...# #..##...#
#.......#
#.....#.#
#.......###
#.)........
######..#....##
#...##.@Xd##.##
#......{{.......
#.......)q....^.
#...........$...
######....##.#..
#...(# .# .
#..### . #..# .
#..#


You could see a tentacled monstrosity (ally target), a green draconian (unable
to see you) and a friendly yellow draconian annihilator (summoned, drained).

Vanquished Creatures
  A dread lich (Vaults:5)
  3 ancient liches (Vaults:5)
  An orb of fire (Zot:1)
  Mara (Shoals:4)
  Sojobo (Depths:2)
  Bai Suzhen (Elf:3)
  2 Killer Klowns (Zot:1)
  A curse toe (Zot:1)
  The ghost of Sousefuu the Myrmidon, a veteran GnWn of Okawaru (Depths:3)
  5 golden dragons
  Nikola (Elf:3)
  A bone dragon (Depths:2)
  Arachne (Spider:4)
  4 Tzitzimimeh
  An electric golem (Zot:1)
  3 doom hounds
  14 tentacled monstrosities
  A walking crystal tome (Depths:3)
  A Hell Sentinel (Depths:3)
  Zenata (Elf:2)
  Rupert (Lair:4)
  Grunn (Depths:4)
  A lich (Vaults:5)
  2 quicksilver dragons
  A deep elf blademaster (Elf:3)
  2 deep elf master archers (Elf:3)
  5 sphinxes
  A kraken (Shoals:1)
  4 death cobs
  Gastronok (Lair:3)
  6 shadow dragons
  11 tengu reavers
  12 storm dragons
  Roxanne (D:15)
  Agnes (D:15)
  A draconian monk (Zot:2)
  Donald (Elf:3)
  A draconian knight (Zot:1)
  8 frost giants
  24 vault wardens
  6 emperor scorpions
  5 deep elf elementalists
  3 ghost moths
  A draconian shifter (Depths:4)
  10 fire giants
  3 iron dragons
  9 deep elf sorcerers
  A draconian stormcaller (Depths:4)
  4 angels (Zot:1)
  3 draconian scorchers
  3 orc warlords
  2 formless jellyfish
  17 very ugly things
  6 ironbound thunderhulks
  17 stone giants
  24 ironbound preservers
  3 broodmothers
  4 green draconians
  4 deep elf death magi
  3 deep elf demonologists
  5 purple draconians
  5 black draconians
  9 dire elephants
  6 deep elf annihilators
  2 red draconians
  3 white draconians
  4 war gargoyles
  Azrael (Spider:1)
  A minotaur (Shoals:4)
  20 spark wasps
  The ghost of Aricsoirch the Bludgeoner, a journeyman GrFi of Okawaru (Lair:4)
  A blizzard demon (Depths:3)
  4 crystal guardians
  A green death (Depths:3)
  5 merfolk impalers
  5 jiangshi (Depths:1)
  10 deep elf high priests
  12 ettins
  A merfolk javelineer (Shoals:4)
  18 yaktaur captains
  Fannar (Lair:3)
  6 fire dragons
  13 entropy weavers
  4 ice dragons
  5 rakshasas
  37 vault guards
  7 great orbs of eyes
  3 catoblepae
  3 hydras
  5 peacekeepers
  4 radroaches
  3 spriggan air magi
  A hell beast (Depths:3)
  2 boulder beetles
  2 alligator snapping turtles (Shoals:4)
  2 merfolk avatars
  11 ironbound frosthearts
  A jorogumo (Spider:3)
  6 ogre magi
  8 two-headed ogres
  20 centaur warriors
  9 deep troll shamans
  7 tengu warriors
  A death yak (IceCv)
  9 satyrs (Shoals:4)
  A two-headed ogre (shapeshifter) (Vaults:5)
  25 dancing weapons
  A death knight (D:15)
  6 demonic crawlers
  A hell hog (Lair:5)
  A death scarab (Spider:4)
  3 orc high priests
  7 hell knights
  A titan zombie (Depths:3)
  2 spriggan berserkers (Depths:4)
  25 deep elf knights
  9 deep troll earth magi
  A shock serpent (shapeshifter) (Zot:1)
  A fire crab (Lair:5)
  4 vampire magi (Depths:1)
  Sonja (D:10)
  3 skeletal warriors (D:15)
  A fire crab (shapeshifter) (Vaults:5)
  10 iron trolls
  6 pharaoh ants
  A golden dragon zombie (Depths:3)
  4 skysharks
  69 deep trolls
  A sea snake (shapeshifter) (Vaults:5)
  15 sea snakes
  A sun moth (Spider:4)
  5 orb spiders
  9 arcanists
  3 glowing orange brains
  8 deep elf archers
  16 lindwurms
  14 harpies
  23 ironbound convokers
  19 deep elf pyromancers
  4 necromancers
  4 phantasmal warriors
  A steelbarb worm (shapeshifter) (Depths:1)
  16 wolf spiders
  36 deep elf zephyrmancers
  6 steelbarb worms
  6 orc knights
  35 ugly things
  5 orc sorcerers
  6 elephants (Lair:3)
  21 fauns
  5 cyclopes
  12 large abominations
  8 manticores
  A human skeleton (Vaults:3)
  9 merfolk sirens
  Maurice (D:7)
  9 meliai
  11 moths of wrath
  Joseph (D:7)
  4 kobold blastminers (Orc:2)
  An ice statue (IceCv)
  7 water nymphs
  4 black mambas
  A black mamba (shapeshifter) (D:13)
  29 vault sentinels
  9 torpor snails
  4 unseen horrors
  A molten gargoyle (D:11)
  9 cane toads
  8 rime drakes
  4 kobold demonologists (D:11)
  37 yaktaurs
  11 komodo dragons
  A human zombie (Vaults:3)
  Psyche (D:9)
  A tengu conjurer (Depths:3)
  2 freezing wraiths (D:15)
  4 red devils
  3 tyrant leeches (Lair:5)
  2 hellwings (Depths:3)
  6 trolls
  17 merfolk
  A queen bee (Spider:1)
  18 polar bears
  6 hornets
  A wind drake (shapeshifter) (Vaults:1)
  4 wind drakes
  4 raiju (Lair:5)
  29 tarantellas
  15 blink frogs
  6 snapping turtles
  23 dream sheep
  A snapping turtle (shapeshifter) (Vaults:3)
  A stone giant simulacrum (Vaults:3)
  23 slime creatures
  13 culicivoras
  22 jumping spiders
  A spriggan (Depths:4)
  4 small abominations (Depths:4)
  2 vampires
  3 air elementals
  4 shadows
  28 yaks
  6 wyverns
  8 water elementals
  Eustachio (D:6)
  6 fire elementals
  A hog (shapeshifter) (Vaults:5)
  2 ynoxinuls (Depths:3)
  3 wraiths
  5 basilisks
  51 redbacks
  4 vampire mosquitoes (Lair:1)
  8 steam dragons (Lair:2)
  6 wargs
  2 chaos spawn
  A swamp worm (shapeshifter) (Vaults:4)
  4 acid dragons
  10 water moccasins
  A glowing shapeshifter skeleton (Depths:3)
  14 hell hounds
  3 swamp drakes (Lair:1)
  16 black bears
  3 sky beasts
  11 ogres
  16 orc warriors
  2 ice beasts
  2 laughing skulls (D:14)
  5 boggarts (D:14)
  13 centaurs
  24 wolves
  3 phantoms
  3 kobold brigands
  8 bullfrogs
  2 earth elementals
  3 gnoll sergeants
  5 elf zombies (Elf:2)
  4 scorpions
  9 wights
  A hornet simulacrum (D:13)
  A human simulacrum (Vaults:3)
  2 water moccasin skeletons (D:4)
  39 killer bees
  2 electric eels
  4 howler monkeys
  3 bombardier beetles
  4 lava snakes (D:11)
  2 jellies (D:7)
  3 hounds
  13 orc priests
  A gnoll bouda (D:7)
  2 sleepcaps
  Ijyb (D:3)
  4 scorpion zombies (D:4)
  2 iguanas (D:5)
  22 orc wizards
  2 hound zombies (D:4)
  A hound skeleton (D:4)
  14 gnolls
  8 adders
  A shadow imp (D:6)
  7 white imps
  2 ufetubi (Vaults:4)
  2 adder zombies (D:4)
  A ribbon worm (D:2)
  A dart slug (D:4)
  74 orcs
  10 endoplasms
  3 giant cockroaches
  6 goblins
  8 hobgoblins
  4 jackals (D:3)
  23 kobolds
  3 quokkas
  8 ball pythons
  A bat (D:1)
  4 frilled lizards
  7 rats
  A spectral weapon (Elf:2)
  A tentacle (Shoals:1)
1974 creatures vanquished.

Vanquished Creatures (collateral kills)
  Saint Roka (Elf:3)
  2 titans (Vaults:5)
  A walking divine tome (Depths:3)
  2 sphinxes (Shoals:4)
  Ilsuiw (Shoals:2)
  2 deep elf sorcerers (Elf:3)
  A frost giant (Depths:3)
  A vault warden (Vaults:2)
  A deep elf elementalist (Elf:3)
  A draconian annihilator (Zot:2)
  2 very ugly things
  An ironbound thunderhulk (Vaults:4)
  A deep elf death mage (Elf:3)
  A stone giant (Depths:3)
  A deep elf demonologist (Elf:3)
  A deep elf annihilator (Elf:3)
  A dire elephant (Vaults:1)
  Snorg (Lair:5)
  A crystal guardian (Vaults:4)
  An ettin (Depths:1)
  2 yaktaur captains
  A merfolk javelineer (Shoals:2)
  A rakshasa (Depths:2)
  Harold (D:11)
  An ice dragon (Depths:2)
  A vault guard (Vaults:2)
  A great orb of eyes (Vaults:1)
  3 ironbound frosthearts
  An ogre mage (Orc:2)
  A boulder beetle (D:11)
  A satyr (Shoals:4)
  A centaur warrior (Vaults:1)
  2 dancing weapons
  A deep troll earth mage (Depths:1)
  An orc high priest (Orc:2)
  2 iron trolls (Depths:1)
  An arcanist (Vaults:1)
  5 deep trolls
  A flayed ghost (Depths:3)
  A necromancer (Vaults:5)
  4 harpies (Shoals:2)
  An ironbound convoker (Vaults:2)
  4 orc knights
  A deep elf archer (Elf:3)
  An orc sorcerer (Vaults:1)
  3 deep elf pyromancers
  2 deep elf zephyrmancers
  2 ugly things (Depths:2)
  2 fauns
  2 cyclopes (Shoals:4)
  A slime creature (Vaults:4)
  A manticore (D:11)
  2 merfolk sirens
  A torpor snail (Lair:5)
  A cane toad (Lair:3)
  4 yaktaurs
  A merfolk (Shoals:2)
  A troll (D:11)
  A merfolk (shapeshifter) (Vaults:5)
  2 hornets (Lair:5)
  A tarantella (Spider:4)
  3 dream sheep (Shoals:4)
  A jumping spider (Spider:4)
  A yak (IceCv)
  3 culicivoras (Spider:4)
  A wraith (D:11)
  3 orc warriors
  A howler monkey (D:11)
  A lava snake (D:11)
  An orc priest (Orc:2)
  An orc wizard (Orc:2)
  An orc (Orc:2)
108 creatures vanquished.

Vanquished Creatures (others)
  A ghost moth (Zot:2)
  A purple draconian (Zot:2)
  A centaur warrior (Vaults:1)
  2 deep elf knights
  A pharaoh ant (Spider:3)
  2 deep elf zephyrmancers
  2 deep elf pyromancers
  2 centaurs (D:15)
  7 tentacles (Shoals:1)
19 creatures vanquished.

Grand Total: 2101 creatures vanquished

Notes
Turn   | Place    | Note
-------+----------+-------------------------------------------
     0 | D:1      | Alkett the Minotaur Berserker began the quest for the Orb.
     0 | D:1      | Reached XP level 1. HP: 19/19 MP: 0/0
   292 | D:1      | Reached XP level 2. HP: 25/26 MP: 1/1
   835 | D:2      | Reached skill level 5 in Maces & Flails
   861 | D:2      | Found Pubrorob's Armour Shoppe.
   907 | D:2      | Reached ** piety under Trog
   917 | D:2      | Reached XP level 3. HP: 29/31 MP: 2/2
   927 | D:2      | Identified the +8 war axe of the Fulmar {freeze, rPois
                  | Int+2}
   979 | D:2      | Found an ornate altar of the Wu Jian Council.
  1035 | D:2      | Reached skill level 1 in Axes
  1335 | D:2      | Reached skill level 2 in Axes
  1437 | D:3      | Noticed Ijyb
  1441 | D:3      | Killed Ijyb
  1442 | D:3      | Reached skill level 3 in Axes
  1442 | D:3      | Reached XP level 4. HP: 39/39 MP: 3/3
  1710 | D:3      | Reached skill level 4 in Axes
  1874 | D:3      | Reached XP level 5. HP: 45/45 MP: 4/4
  1923 | D:3      | Reached skill level 5 in Axes
  2503 | D:4      | Found a broken altar of Ashenzari.
  2548 | D:4      | Reached *** piety under Trog
  2549 | D:4      | Reached skill level 6 in Axes
  2561 | D:4      | Reached XP level 6. HP: 38/51 MP: 5/5
  2693 | D:4      | Found a shimmering blue altar of Sif Muna.
  2704 | D:4      | You fall into a shaft and drop 2 floors!
  2732 | D:6      | Reached skill level 7 in Axes
  2823 | D:6      | Noticed an ice beast
  2833 | D:6      | Killed an ice beast
  2834 | D:6      | Reached skill level 8 in Axes
  2834 | D:6      | Reached XP level 7. HP: 57/57 MP: 6/6
  2907 | D:6      | Found a radiant altar of Vehumet.
  2952 | D:5      | Entered Level 5 of the Dungeon
  2959 | D:4      | Reached skill level 9 in Axes
  3253 | D:4      | Found a glowing silver altar of Zin.
  3253 | D:4      | Noticed an angel
  3313 | D:4      | Reached skill level 10 in Axes
  3759 | D:5      | Reached XP level 8. HP: 63/64 MP: 7/7
  3789 | D:5      | Found a bloodstained altar of Trog.
  3936 | D:5      | Reached skill level 11 in Axes
  3987 | D:5      | Found a hide-covered altar of Uskayaw.
  3992 | D:5      | Found Daum Ith's Magic Scroll Shop.
  4153 | D:5      | Found a shimmering altar of Xom.
  4289 | D:5      | Reached **** piety under Trog
  4296 | D:5      | Identified the +0 scale mail of Yxkar {+Inv MP+9}
  4398 | D:5      | Reached skill level 5 in Fighting
  4400 | D:5      | Reached skill level 12 in Axes
  4808 | D:6      | Noticed Eustachio
  4823 | D:6      | Killed Eustachio
  4824 | D:6      | Reached XP level 9. HP: 64/75 MP: 8/8
  4939 | D:6      | Found a blossoming altar of Fedhas.
  4983 | D:6      | Found an iron altar of Okawaru.
  5066 | D:6      | Reached skill level 13 in Axes
  5616 | D:7      | Found a staircase to the Ecumenical Temple.
  5932 | D:7      | Noticed Joseph
  5935 | D:7      | Reached skill level 14 in Axes
  5947 | D:7      | Killed Joseph
  6276 | D:7      | Found a glowing golden altar of the Shining One.
  6306 | D:7      | Noticed Maurice
  6312 | D:7      | Killed Maurice
  6313 | D:7      | Reached XP level 10. HP: 90/90 MP: 9/9
  6573 | D:8      | Reached skill level 15 in Axes
  6667 | D:8      | Found a shadowy altar of Dithmenos.
  6909 | D:8      | Found a sparkling altar of Nemelex Xobeh.
  6946 | D:8      | Found a staircase to the Lair.
  7497 | D:9      | Reached ***** piety under Trog
  7619 | D:9      | Reached skill level 10 in Fighting
  7638 | D:9      | Noticed an orange crystal statue
  7849 | D:9      | Found an ornate altar of the Wu Jian Council.
  7928 | D:9      | Noticed Psyche
  7931 | D:9      | Killed Psyche
  7932 | D:9      | Reached skill level 1 in Shields
  8405 | D:9      | Found a sacrificial altar of Ru.
  8475 | D:10     | Entered Level 10 of the Dungeon
  8516 | D:10     | Identified the +5 war axe of Drought {heavy, rC+ rN+ Dex+3}
  8562 | D:10     | Found Haipsacu's Jewellery Boutique.
  8563 | D:10     | Noticed a two-headed ogre
  8569 | D:10     | Killed a two-headed ogre
  8570 | D:10     | Reached skill level 5 in Armour
  8644 | D:10     | Noticed Sonja
  8653 | D:10     | Killed Sonja
  8654 | D:10     | Reached XP level 11. HP: 101/101 MP: 10/10
  9003 | D:10     | Noticed a two-headed ogre
  9013 | D:10     | Killed a two-headed ogre
  9809 | D:11     | Received a gift from Trog
  9939 | D:11     | Noticed a boulder beetle
  9946 | D:11     | Killed a boulder beetle
  9962 | D:11     | Noticed Harold
  9971 | D:11     | Reached skill level 5 in Shields
 10036 | D:11     | Killed Harold
 10053 | D:11     | Noticed a two-headed ogre
 10250 | D:11     | Killed a two-headed ogre
 10277 | D:11     | Noticed a sun demon
 10551 | D:11     | Found a staircase to the Orcish Mines.
 10866 | Orc:1    | Entered Level 1 of the Orcish Mines
 10935 | Orc:1    | Noticed a two-headed ogre
 10935 | Orc:1    | Noticed an orc sorcerer
 10975 | D:11     | Killed a two-headed ogre
 10976 | D:11     | Reached skill level 10 in Armour
 11167 | D:11     | Reached XP level 12. HP: 78/112 MP: 11/11
 11381 | Orc:1    | Found Borof's Antique Armour Shoppe.
 11566 | Orc:2    | Entered Level 2 of the Orcish Mines
 12133 | Orc:2    | Found a staircase to the Elven Halls.
 12277 | Orc:2    | Noticed an ettin
 12284 | Orc:2    | Killed an ettin
 12464 | Orc:2    | Noticed an orc high priest
 12469 | Orc:2    | Noticed an ogre mage
 12477 | Orc:2    | Reached skill level 10 in Shields
 12479 | Orc:2    | Noticed an orc high priest
 12480 | Orc:2    | Killed an orc high priest
 12481 | Orc:2    | Killed an ogre mage
 12484 | Orc:2    | Noticed an orc high priest
 12486 | Orc:2    | Killed an orc high priest
 12499 | Orc:2    | Killed an orc high priest
 12501 | Orc:2    | Paralysed by an orc sorcerer for 4 turns
 12881 | Orc:2    | Found Alelaygaku's Antique Weapon Shop.
 12881 | Orc:2    | Found Lappin's Jewellery Emporium.
 12883 | Orc:2    | Found Zuosk's Book Shop.
 12883 | Orc:2    | Found Esomm's General Store.
 12894 | Orc:2    | Bought an amulet of reflection for 480 gold pieces
 13017 | D:10     | Bought the ring of Hospitality {rPois rC++ rN+ Int+6 Dex-5}
                  | for 992 gold pieces
 13121 | Lair:1   | Entered Level 1 of the Lair of Beasts
 13484 | Lair:1   | Reached XP level 13. HP: 123/123 MP: 12/12
 13588 | Lair:1   | Gained mutation: You are partially covered in iridescent
                  | scales. (AC +2) [potion of mutation]
 13588 | Lair:1   | Gained mutation: You are mostly covered in iridescent
                  | scales. (AC +4) [potion of mutation]
 13588 | Lair:1   | Gained mutation: You have hidden genetic potential. [potion
                  | of mutation]
 14123 | Lair:2   | Reached skill level 1 in Evocations
 14236 | Lair:2   | Found a hole to the Spider Nest.
 15492 | Lair:3   | Noticed Fannar
 15523 | Lair:3   | Killed Fannar
 15701 | Lair:3   | Noticed Gastronok
 15735 | Lair:3   | Killed Gastronok
 15767 | Lair:3   | Identified the +5 ring mail of Naros {rF+ Dex+2}
 16006 | Lair:3   | Found a staircase to the Shoals.
 16634 | Lair:4   | Reached XP level 14. HP: 133/133 MP: 13/13
 16665 | Lair:4   | Noticed Rupert
 16683 | Lair:4   | Killed Rupert
 16697 | Lair:4   | Gained mutation: Your mind is acute. (Int +4, Str/Dex -1)
                  | [hidden potential]
 16840 | Lair:4   | Found a runed translucent door.
 16844 | Lair:4   | Noticed Aricsoirch's ghost (journeyman GrFi)
 16866 | Lair:4   | Killed Aricsoirch's ghost
 17349 | Lair:4   | Found a viscous altar of Jiyva.
 17526 | Lair:5   | Entered Level 5 of the Lair of Beasts
 17573 | Lair:5   | Reached skill level 15 in Fighting
 18021 | Lair:5   | Reached skill level 5 in Evocations
 18158 | Lair:5   | Reached skill level 15 in Shields
 18402 | Lair:5   | Received a gift from Trog
 18711 | Lair:5   | Noticed Snorg
 18724 | Lair:5   | Killed Snorg
 19429 | Lair:5   | Lost mutation: You are mostly covered in iridescent scales.
                  | (AC +4) [potion of mutation]
 19429 | Lair:5   | Lost mutation: You are partially covered in iridescent
                  | scales. (AC +2) [potion of mutation]
 19429 | Lair:5   | Gained mutation: You have a pair of large horns on your
                  | head. [potion of mutation]
 19429 | Lair:5   | Gained mutation: You occasionally lose the ability to read
                  | scrolls when taking damage. [potion of mutation]
 19795 | D:2      | Bought a +1 plate armour of positive energy for 384 gold
                  | pieces
 19795 | D:2      | Bought a +0 pair of boots for 54 gold pieces
 20008 | Spider:1 | Entered Level 1 of the Spider Nest
 20012 | Spider:1 | Noticed a broodmother
 20393 | Spider:1 | Killed a broodmother
 20402 | Spider:1 | Noticed Azrael
 20487 | Spider:1 | Killed Azrael
 20488 | Spider:1 | Reached XP level 15. HP: 143/143 MP: 14/14
 20573 | Spider:1 | Gained mutation: You have sharp fingernails. [hidden
                  | potential]
 20573 | Spider:1 | Lost mutation: You have hidden genetic potential. [hidden
                  | potential expressed]
 21219 | Spider:1 | Reached skill level 16 in Axes
 22369 | Spider:2 | Noticed an emperor scorpion
 22384 | Spider:2 | Killed an emperor scorpion
 23048 | Spider:2 | Reached skill level 15 in Armour
 23295 | Spider:2 | Gained mutation: Your magical capacity is low. (-10% MP)
                  | [mutagenic glow]
 23715 | Spider:2 | Identified a scroll of acquirement
 23718 | Spider:2 | Acquired the +7 tower shield "Uguguwof" {Dex+8}
 24273 | Spider:3 | Noticed an emperor scorpion
 24279 | Spider:3 | Killed an emperor scorpion
 24631 | Spider:3 | Identified the +6 scale mail of Tipnisch {*Corrode Dex+5
                  | SInv}
 25232 | Spider:3 | Reached XP level 16. HP: 148/149 MP: 13/13
 25500 | Spider:3 | Gained mutation: You occasionally lose the ability to drink
                  | potions when taking damage. [mutagenic glow]
 26299 | Spider:4 | Entered Level 4 of the Spider Nest
 26385 | Spider:4 | Reached skill level 17 in Axes
 26495 | Spider:4 | Identified the +3 hand axe of Virtue {antimagic, rElec}
                  | (Trog gifted it to you on level 4 of the Spider Nest)
 26495 | Spider:4 | Received a gift from Trog
 26526 | Spider:4 | Noticed Arachne
 26534 | Spider:4 | Killed Arachne
 26535 | Spider:4 | Reached skill level 1 in Throwing
 27778 | Spider:4 | Got a gossamer rune of Zot
 28499 | Shoals:1 | Entered Level 1 of the Shoals
 28825 | Shoals:1 | Noticed a kraken
 28844 | Shoals:1 | Killed a kraken
 28845 | Shoals:1 | Reached skill level 18 in Axes
 29655 | Shoals:1 | Reached skill level 10 in Evocations
 29918 | Shoals:2 | Acquired the +15 Maxwell's patent armour {-Cast -Tele rElec
                  | Will+ rCorr}
 29918 | Shoals:2 | Found the +15 Maxwell's patent armour {-Cast -Tele rElec
                  | Will+ rCorr}
 29974 | Shoals:2 | Noticed Ilsuiw
 29989 | Shoals:2 | Reached XP level 17. HP: 140/162 MP: 14/14
 29997 | Shoals:2 | Killed Ilsuiw
 30775 | Shoals:2 | Identified the +7 ring mail "Ludun" {Regen+ Dex+4}
 31343 | Shoals:3 | Identified the +2 robe of Vehumet's Supremacy {rPois}
 31572 | Shoals:3 | Paralysed by a formless jellyfish for 1 turns
 31723 | Shoals:4 | Entered Level 4 of the Shoals
 31781 | Shoals:4 | Reached skill level 5 in Throwing
 31911 | Shoals:4 | Reached skill level 19 in Axes
 32029 | Shoals:4 | Noticed a sphinx
 32035 | Shoals:4 | Noticed a sphinx
 32037 | Shoals:4 | Killed a sphinx
 32554 | Shoals:4 | Killed a sphinx
 32621 | Shoals:4 | Noticed Mara
 32646 | Shoals:4 | Killed Mara
 32652 | Shoals:4 | Noticed a sphinx
 32656 | Shoals:4 | Killed a sphinx
 33131 | Shoals:4 | Got a barnacled rune of Zot
 33239 | Shoals:4 | Reached XP level 18. HP: 170/173 MP: 15/15
 34264 | D:12     | Found a broken altar of Ashenzari.
 34511 | D:13     | Found Iwaocuob's Magic Scroll Boutique.
 34561 | D:13     | Found a gate to the Vaults.
 34661 | D:13     | Found a frozen archway.
 34665 | IceCv    | Entered an ice cave
 35055 | IceCv    | Identified the amulet "Teph" {Faith +Blink rCorr Dex-4}
 35173 | D:13     | Found Beich's Weapon Shop.
 35263 | D:13     | Reached skill level 20 in Axes
 35677 | D:13     | Found Odir's Distillery.
 35814 | D:13     | Found a shimmering blue altar of Sif Muna.
 36042 | D:10     | Bought a +4 ring of slaying for 1326 gold pieces
 36158 | Vaults:1 | Entered Level 1 of the Vaults
 36194 | Vaults:1 | Received a gift from Trog
 37323 | Vaults:1 | Found Ohem Demybeo's Jewellery Shoppe.
 37443 | Vaults:1 | Reached XP level 19. HP: 182/182 MP: 12/16
 37617 | Vaults:1 | Reached skill level 21 in Axes
 37951 | Vaults:2 | Received a gift from Trog
 39816 | Vaults:3 | Found Jeuntiot's Distillery.
 39839 | Vaults:3 | Bought a potion of mutation for 120 gold pieces
 39874 | Vaults:3 | Lost mutation: You have sharp fingernails. [potion of
                  | mutation]
 39874 | Vaults:3 | Lost mutation: You have a pair of large horns on your head.
                  | [potion of mutation]
 39874 | Vaults:3 | Lost mutation: Your mind is acute. (Int +4, Str/Dex -1)
                  | [potion of mutation]
 39874 | Vaults:3 | Gained mutation: You are weak. (Str -2) [potion of
                  | mutation]
 39874 | Vaults:3 | Gained mutation: You are clumsy. (Dex -2) [potion of
                  | mutation]
 39890 | Vaults:3 | Bought a potion of mutation for 120 gold pieces
 39890 | Vaults:3 | Lost mutation: You occasionally lose the ability to drink
                  | potions when taking damage. [potion of mutation]
 39890 | Vaults:3 | Lost mutation: You occasionally lose the ability to read
                  | scrolls when taking damage. [potion of mutation]
 39890 | Vaults:3 | Gained mutation: You have sharp toenails. [potion of
                  | mutation]
 39890 | Vaults:3 | Gained mutation: You have hidden genetic defects. [potion
                  | of mutation]
 39890 | Vaults:3 | Gained mutation: You are covered in fur. (AC +1) [potion of
                  | mutation]
 40759 | Vaults:3 | Found a staircase to the Crypt.
 40759 | Vaults:3 | Found a basalt altar of Yredelemnul.
 40760 | Vaults:3 | Found an ancient bone altar of Kikubaaqudgha.
 40913 | Vaults:3 | Reached skill level 22 in Axes
 40913 | Vaults:3 | Reached XP level 20. HP: 119/193 MP: 17/17
 41035 | Vaults:3 | Gained mutation: Your body sometimes deteriorates upon
                  | taking damage. [a shining eye]
 41315 | Vaults:3 | Reached ****** piety under Trog
 41382 | Vaults:3 | Identified the +8 flail "Vuukhan" {freeze, Will+}
 41479 | Vaults:3 | Gained mutation: Your body often deteriorates upon taking
                  | damage. [hidden defects]
 41589 | D:13     | Bought a potion of mutation for 112 gold pieces
 41589 | D:13     | Lost mutation: You are weak. (Str -2) [potion of mutation]
 41589 | D:13     | Lost mutation: You have hidden genetic defects. [potion of
                  | mutation]
 41589 | D:13     | Lost mutation: Your body often deteriorates upon taking
                  | damage. [potion of mutation]
 41589 | D:13     | Gained mutation: You sometimes lose your temper in combat.
                  | [potion of mutation]
 41589 | D:13     | Gained mutation: Your skin changes colour to match your
                  | surroundings (Stealth+). [potion of mutation]
 41590 | D:13     | Bought a potion of mutation for 112 gold pieces
 41590 | D:13     | Lost mutation: You have sharp toenails. [potion of
                  | mutation]
 41590 | D:13     | Lost mutation: You sometimes lose your temper in combat.
                  | [potion of mutation]
 41590 | D:13     | Lost mutation: Your body sometimes deteriorates upon taking
                  | damage. [potion of mutation]
 41590 | D:13     | Gained mutation: You have hidden genetic defects. [potion
                  | of mutation]
 41590 | D:13     | Gained mutation: Your flesh is cold resistant. (rC+)
                  | [potion of mutation]
 42731 | Vaults:4 | Identified the +4 broad axe "Idohet" {flame, rC+ Str+2}
                  | (Trog gifted it to you on level 4 of the Vaults)
 42731 | Vaults:4 | Received a gift from Trog
 42771 | Vaults:4 | Gained mutation: You sometimes lose your temper in combat.
                  | [hidden defects]
 43105 | Vaults:4 | Reached skill level 10 in Throwing
 43613 | Vaults:4 | Gained mutation: You are frail. (-10% HP) [hidden defects]
 43613 | Vaults:4 | Lost mutation: You have hidden genetic defects. [hidden
                  | defects expressed]
 44198 | Vaults:4 | Found Vyalefil's Armour Shop.
 44209 | Vaults:4 | Lost mutation: You sometimes lose your temper in combat.
                  | [potion of mutation]
 44209 | Vaults:4 | Lost mutation: You are frail. (-10% HP) [potion of
                  | mutation]
 44209 | Vaults:4 | Lost mutation: Your flesh is cold resistant. (rC+) [potion
                  | of mutation]
 44209 | Vaults:4 | Gained mutation: You are vulnerable to cold. (rC-) [potion
                  | of mutation]
 44209 | Vaults:4 | Gained mutation: Your mind is acute. (Int +4, Str/Dex -1)
                  | [potion of mutation]
 44209 | Vaults:4 | Gained mutation: Your movements are slightly less
                  | encumbered by armour. (ER -2) [potion of mutation]
 44374 | Vaults:5 | Entered Level 5 of the Vaults
 44506 | Vaults:4 | Reached skill level 23 in Axes
 44549 | Vaults:5 | Received a gift from Trog
 44567 | Vaults:4 | Reached XP level 21. HP: 169/202 MP: 17/17
 44643 | Vaults:5 | Identified the +4 trident "Seam" {flame, *Rage Dex+6 SInv}
 44645 | Vaults:5 | Noticed an ancient lich
 44645 | Vaults:5 | Noticed a golden dragon
 45089 | Vaults:5 | Noticed an ancient lich
 45107 | Vaults:4 | Killed a golden dragon
 45135 | Vaults:5 | Killed an ancient lich
 45137 | Vaults:5 | Killed an ancient lich
 45138 | Vaults:5 | Received a gift from Trog
 46432 | Vaults:5 | Noticed an ancient lich
 46442 | Vaults:5 | Killed an ancient lich
 46443 | Vaults:5 | Reached skill level 24 in Axes
 46793 | Vaults:5 | Noticed a dread lich
 46798 | Vaults:5 | Killed a dread lich
 46825 | Vaults:5 | Identified the +8 chain mail of Guarphomp {rCorr Stlth+}
 46845 | Vaults:5 | Identified the +1 plate armour "Saoblimu" {rN+ Str+5}
 47169 | Vaults:5 | Reached XP level 22. HP: 202/213 MP: 18/18
 47276 | Vaults:5 | Got a silver rune of Zot
 47314 | Vaults:5 | Acquired 596 gold pieces
 47760 | D:13     | Bought 2 potions of heal wounds for 140 gold pieces
 47760 | D:13     | Bought a potion of lignification for 42 gold pieces
 48292 | D:14     | Found a white marble altar of Elyvilon.
 48543 | D:15     | Entered Level 15 of the Dungeon
 48652 | D:15     | Identified the +6 rapier of Buosecvoynt {heavy, rPois
                  | Dex+3}
 48667 | D:15     | Noticed Roxanne
 48682 | D:15     | Killed Roxanne
 48734 | D:15     | Found a blossoming altar of Fedhas.
 48795 | D:15     | Noticed Agnes
 48800 | D:15     | Killed Agnes
 49052 | D:15     | Found a staircase to the Depths.
 49516 | Elf:1    | Entered Level 1 of the Elven Halls
 49933 | Elf:1    | Paralysed by an air elemental for 1 turns
 50405 | Elf:1    | Lost mutation: Your mind is acute. (Int +4, Str/Dex -1)
                  | [potion of mutation]
 50405 | Elf:1    | Lost mutation: You are vulnerable to cold. (rC-) [potion of
                  | mutation]
 50405 | Elf:1    | Gained mutation: You possess an exceptional clarity of
                  | mind. [potion of mutation]
 50407 | Elf:1    | Identified the +1 orcbow of the Foot {heavy, Str+3}
 51019 | Elf:2    | Found Vaviedorig's Weapon Emporium.
 51031 | Elf:2    | Found Norghucur's Magic Scroll Emporium.
 51056 | Elf:2    | Received a gift from Trog
 51063 | Elf:2    | Paralysed by an air elemental for 1 turns
 51082 | Elf:2    | Found Xihaver's Distillery.
 51085 | Elf:2    | Found Hithehite's Magic Scroll Emporium.
 51090 | Elf:2    | Bought a potion of resistance for 150 gold pieces
 51510 | Elf:2    | Found a runed translucent gate.
 51511 | Elf:2    | Found a runed translucent gate.
 51511 | Elf:2    | Found a runed translucent gate.
 51539 | Elf:2    | Noticed Zenata
 51554 | Elf:2    | Killed Zenata
 51578 | Elf:2    | Reached skill level 25 in Axes
 51654 | Elf:2    | Received a gift from Trog
 52042 | Elf:3    | Entered Level 3 of the Elven Halls
 52042 | Elf:3    | Noticed Donald
 52051 | Elf:3    | Killed Donald
 52432 | Elf:3    | Noticed Bai Suzhen
 52432 | Elf:3    | Noticed Saint Roka
 52444 | Elf:3    | Killed Bai Suzhen
 52449 | Elf:3    | Killed Saint Roka
 52569 | Elf:3    | Received a gift from Trog
 52578 | Elf:3    | Identified the +1 rapier of Wisdom {flame, Will+}
 52585 | Elf:3    | Paralysed by an air elemental for 1 turns
 52589 | Elf:3    | Paralysed by an air elemental for 1 turns
 52604 | Elf:3    | Paralysed by an air elemental for 1 turns
 52659 | Elf:3    | Reached XP level 23. HP: 169/222 MP: 19/19
 53009 | Elf:3    | Identified the +1 scimitar of Defiance {heavy, rPois rF+
                  | Str-5 Int+3}
 53270 | Elf:3    | Noticed Nikola
 53279 | Elf:3    | Killed Nikola
 53404 | Elf:3    | Identified the +1 robe of a ziggurat {rF++ rC+ Will-
                  | Stlth+}
 53663 | Elf:3    | Identified the +7 plate armour "Gafaw" {rN++ rCorr SInv
                  | Stlth+}
 54153 | Depths:1 | Entered Level 1 of the Depths
 54601 | Depths:1 | Found a one-way gateway to a ziggurat.
 54914 | Depths:1 | Found Higoima's Distillery.
 55168 | Depths:1 | Found a gateway to Hell.
 55274 | Depths:1 | Found Wimonic's Blood Bar.
 55490 | Depths:2 | Reached skill level 26 in Axes
 55776 | Depths:2 | Reached skill level 15 in Evocations
 56070 | Depths:2 | Noticed Sojobo
 56125 | Depths:2 | Killed Sojobo
 56281 | Depths:2 | Found a one-way gate leading to the halls of Pandemonium.
 56301 | Depths:2 | Found a one-way gate to the infinite horrors of the Abyss.
 57148 | Depths:2 | Reached XP level 24. HP: 179/233 MP: 19/19
 58397 | Depths:3 | Identified the ring of the Cockroach {Fly Dex+4}
 58630 | Depths:3 | Found a runed translucent gate.
 58631 | Depths:3 | Found a runed translucent gate.
 58632 | Depths:3 | Found a runed translucent gate.
 58633 | Depths:3 | Noticed Sousefuu's ghost (veteran GnWn)
 58642 | Depths:3 | Identified the amulet "Ovorher" {Reflect rF+ SH+5 Stlth+}
 58698 | Depths:3 | Killed Sousefuu's ghost
 58873 | Depths:3 | Identified the +5 quick blade of Tetel {flame, rF+ SInv}
 59109 | Depths:4 | Entered Level 4 of the Depths
 59191 | Depths:4 | Identified the ring "Hubyk" {^Contam Fly Int+5 Dex+6}
 59593 | Depths:4 | Found a glowing golden altar of the Shining One.
 60004 | Depths:4 | Noticed Grunn
 60020 | Depths:4 | Killed Grunn
 60040 | Depths:3 | HP: 16/354 [???[a doom hound] (11)]
 60899 | Depths:4 | Found a gate to the Realm of Zot.
 61748 | Zot:1    | Entered Level 1 of the Realm of Zot
 61872 | Zot:1    | Noticed an orb of fire
 61880 | Zot:1    | Gained mutation: You have sharp toenails. [an orb of fire]
 61883 | Zot:1    | Gained mutation: Armour fits poorly on your strangely
                  | shaped body. [an orb of fire]
 61884 | Zot:1    | Killed an orb of fire
 62244 | Zot:1    | Noticed a Killer Klown
 62264 | Zot:1    | Killed a Killer Klown
 62326 | Zot:1    | Noticed a Killer Klown
 62333 | Zot:1    | Killed a Killer Klown
 62348 | Zot:1    | Reached XP level 25. HP: 197/245 MP: 19/19
 62460 | Zot:1    | Found a shimmering altar of Xom.
 62460 | Zot:1    | Found a shimmering altar of Xom.
 62460 | Zot:1    | Found a shimmering altar of Xom.
 62460 | Zot:1    | Found a shimmering altar of Xom.
 62460 | Zot:1    | Found a shimmering altar of Xom.
 62460 | Zot:1    | Found a glowing silver altar of Zin.
 62581 | Zot:1    | Reached skill level 15 in Throwing
 63739 | Zot:2    | Received a gift from Trog
 63809 | Zot:2    | HP: 3/247 [something (23)]
 63811 | Zot:2    | Killed from afar by a black draconian knight

Illustrated notes

Levels and vault maps discovered:
D:1:      dpeg_arrival_castle, layout_loops_ring
D:2:      layout_loops_ring, serial_shops, shop, basic_altar, minmay_cut_off
D:3:      layout_loops_ring, nicolae_concentric_dashed_squares_wild,
          grunt_ministairs_5, uniq_ijyb
D:4:      layout_gridville, mainiacjoe_overflow_six_doors_small, zin_angel,
          nicolae_overflow_hidden_temple, serial_undead, serial_undead_a,
          serial_undead_c, serial_undead_d, serial_undead_c, serial_undead_e,
          serial_undead_c, serial_undead_b, serial_undead_d
D:5:      layout_basic, nicolae_uskayaw_murder_on_the_dancefloor,
          mainiacjoe_overflow_concentric_impassable, trog_three_pillars_becter,
          serial_shops, shop
D:6:      layout_layer_cave, kennysheep_okawaru_gauntlet,
          nicolae_vehumet_altar_sigil, kennysheep_little_box,
          dk_rats_in_the_wall, uniq_eustachio
D:7:      layout_cave_pools, mainiacjoe_overflow_24_doors,
          minmay_temple_entry_arrows, dreamdust_gnoll_shepherd, uniq_maurice,
          uniq_joseph
D:8:      layout_loops_ring, nemelex_spade_bored_becter,
          grunt_dithmenos_smoke_and_mirrors, lair_entry_dummy,
          minmay_misc_feat_square, hangedman_decor_push
D:9:      minmay_statue_hallways, layout_loops_corners,
          mainiacjoe_overflow_alcove_4, nicolae_wu_jian_immortal_techniques,
          uniq_psyche
D:10:     layout_roguey, serial_shops, nicolae_shop_tiny_real_fake_doors,
          uniq_sonja
D:11:     erik_rubicon_a, layout_cave_pools, orc_0_dummy, uniq_harold
D:12:     minmay_chambers_of_sixes, layout_basic, nicolae_ashenzari_skybound
D:13:     layout_layer_cave, skrybe_vaults_entry_preservation,
          portal_ice_cave_entry_pillars_2, serial_shops, shop, shop, shop,
          led_sif_pool
D:14:     layout_stronghold, elyvilon_altar_3
D:15:     grunt_enter_depths_snipers, layout_cave_pods, fedhas_altar_1,
          uniq_roxanne, uniq_agnes
Lair:1:   layout_cellular_growth, pond
Lair:2:   layout_hall_layers, hellmonk_spider_entry_not_the_bees,
          bobbens_dragon_lair_wall
Lair:3:   layout_hall_layers, minmay_shoals_entry_hut,
          grunt_forest_large_clearings, uniq_gastronok, uniq_fannar
Lair:4:   layout_loops_ring, minmay_slime_entry_oklob_enclosed,
          gammafunk_ghost_grave, uniq_rupert
Lair:5:   wormcave, layout_long_grid, hangedman_lair_caniforms_friends,
          serial_bayou_lagoon_a, pdpol_lair_neglected_garden, uniq_snorg
Shoals:1: layout_shoals
Shoals:2: layout_shoals, uniq_ilsuiw
Shoals:3: layout_shoals, overgrown_tower
Shoals:4: shoals_end_hellmonk_lost_city, uniq_mara
Spider:1: layout_chambers, special_room [special_room_bee],
          nicolae_spider_jagged_tunnels, uniq_azrael
Spider:2: layout_spider_delve, nicolae_spider_circle_web
Spider:3: layout_spider_delve, nicolae_spider_some_kinda_spiderbox
Spider:4: grunt_spider_rune_parallel, uniq_arachne
Orc:1:    layout_caves, serial_shops, shop
Orc:2:    grunt_orc_tribal_feast, layout_diamond_mine, serial_shops,
          nicolae_shop_industrial_runoff, einodemon_armed_red_devil_minivault
Elf:1:    elf_arrival_001, layout_loops_corners, minmay_elf_annihilation,
          minivault_25_ag, wad_dig_loot
Elf:2:    nicolae_elf_blades_crystal_corner, layout_loops_ring, serial_shops,
          shop, minivault_25, minmay_elf_necromancy, minmay_shop_star,
          uniq_zenata
Elf:3:    minmay_elf_hall_spiked, layout_geoelf_grid, uniq_bai_suzhen,
          uniq_nikola, uniq_saint_roka, uniq_donald
Vaults:1: nicolae_vaults_mush_room, nicolae_vaults_specimen_jars, v_misc_4,
          v_pattern_5, minmay_orc_keep, v_misc_27, nicolae_vaults_shelves_hall,
          nicolae_vaults_house_3, nicolae_vaults_more_shelving_1,
          nicolae_vaults_sightless_eye, nicolae_vaults_trapezoid_1,
          layout_vaults_omnibox, serial_shops, nicolae_shop_crystal
Vaults:2: nicolae_vaults_storage_room_water, nicolae_vaults_weapon_check,
          nicolae_vaults_puzzle_piece, nicolae_vaults_off_center_swirl,
          nicolae_vaults_frosty_reception, v_rooms_1,
          nicolae_vaults_storage_closets_2, v_misc_25, nicolae_vaults_tangram_1,
          vaults_room_door_ring, nicolae_vaults_shrinking_rooms_2,
          grunt_vaults_hallway_long, hangedman_vaults_stretched_pinwheel,
          nicolae_vaults_shelves_hall, nicolae_vaults_tetromino_Z_1,
          layout_vaults_maze_bifur
Vaults:3: v_misc_11, ontoclasm_vaults_chip, nicolae_vaults_twisting_passages,
          dpeg_vaults_monster_box, minmay_crypt_entry_necro_gods,
          nicolae_vaults_closet_pinwheel_4, nicolae_vaults_network_periphery,
          nicolae_vaults_trapezoid_lopsided_3,
          nicolae_vaults_diagonal_hallway_8, nicolae_vaults_double_plus_1,
          layout_vaults_omnicross, serial_shops, nicolae_shop_industrial_runoff
Vaults:4: nicolae_vaults_ninety_degrees, v_alt_pattern_4,
          hangedman_vaults_unwind, nicolae_vaults_closet_pinwheel_4,
          nicolae_vaults_network_square, serial_ice_b, vaults_mumra_hex,
          layout_vaults_omnigrid, serial_shops, nicolae_shop_hallway_plus
Vaults:5
Depths:1: layout_gridlike, enter_ziggurat_e, pf_hell_entry_tar_spiral,
          serial_shops, kennysheep_mini_moat, guppyfry_shop_blood
Depths:2: evilmike_horseshoe, layout_basic, hangedman_decor_slide_cut,
          pan_entry, abyss_entry_crystal, hell_entry, kennysheep_random_hallway,
          minmay_staircase_statues, uniq_sojobo
Depths:3: hourglass_vault, layout_cave_shapes, hell_entry,
          biasface_ghost_demon_polymorph,
          nicolae_concentric_dashed_squares_mild, abyss_entry,
          serial_sigils_hangedman_stare
Depths:4: grunt_zot_entry_alcove, layout_honeycomb, minmay_room_of_horrors,
          grunt_hell_entry_dis_grunt, nicolae_tso_carved_into_rock, uniq_grunn
Zot:1:    dreamdust_zin_vs_xom, layout_onion_interference,
          hangedman_zot_wheel_spokes
Zot:2:    layout_misc_corridors, regret_index_zotdec_barnacled_alternative

Skill      XL: |  1  2  3  4  5  6  7  8  9 10 11 12 13 14 15 16 17 18 19 20 21 22 23 24 25 |
---------------+----------------------------------------------------------------------------+-----
Maces & Flails | 4 5 |  5.1
Axes           | 3 4 6 8 10 12 14 15 16 18 19 20 22 23 24 25 26 | 26.9
Fighting       | 6 8 10 12 13 14 15 16 17 18 19 20 21 22 24 | 24.4
Armour         | 5 10 12 13 14 15 16 17 18 19 20 21 22 | 22.6
Shields        | 3 6 11 13 15 16 17 18 19 20 21 22 23 | 23.3
Evocations     | 4 6 9 10 11 12 13 14 15 16 | 16.2
Throwing       | 3 6 7 9 10 11 12 13 14 15 | 15.2
Dodging        | |  2.1

Action                     |  1- 3 |  4- 6 |  7- 9 | 10-12 | 13-15 | 16-18 | 19-21 | 22-24 | 25-27 || total
---------------------------+-------+-------+-------+-------+-------+-------+-------+-------+-------++-------
  Melee: Mace              |    57 |       |       |       |       |       |       |       |       ||    57
         Headbutt          |     5 |     9 |    25 |    50 |   180 |   204 |   212 |   304 |    28 ||  1017
         War axe           |    14 |    71 |   163 |   323 |   788 |   801 |   726 |  1061 |    87 ||  4034
         Punch             |       |       |     2 |     2 |       |       |       |       |       ||     4
         Dire flail        |       |       |       |       |     2 |       |       |       |       ||     2
         Flail             |       |       |       |       |       |    12 |       |     6 |       ||    18
  Throw: Javelin           |     3 |    11 |     6 |       |    14 |    13 |    78 |    78 |     9 ||   212
         Boomerang         |       |       |       |     3 |    35 |   110 |    36 |   107 |    10 ||   301
 Invoke: Berserk           |       |     2 |     4 |    14 |    24 |    22 |     8 |    12 |       ||    86
         Trog's Hand       |       |       |     2 |     5 |     3 |     4 |    17 |    18 |     3 ||    52
         Brothers in Arms  |       |       |       |     6 |     8 |    18 |    12 |    21 |     1 ||    66
Ability: Evoke Invisibilit |       |       |       |       |     1 |       |       |       |       ||     1
  Evoke: Wand              |       |       |    31 |    33 |    41 |    25 |     2 |    13 |       ||   145
         Tin of tremorston |       |       |       |     1 |     4 |     3 |     5 |     3 |     1 ||    17
         Phial of floods   |       |       |       |       |     1 |       |       |       |       ||     1
         Lightning rod     |       |       |       |       |     2 |    19 |    11 |    10 |       ||    42
         Sack of spiders   |       |       |       |       |       |     1 |     2 |     4 |       ||     7
         Phantom mirror    |       |       |       |       |       |     1 |     1 |     4 |     1 ||     7
    Use: Scroll            |     4 |     5 |     1 |     8 |    19 |     7 |       |     3 |       ||    47
         Potion            |     1 |       |     4 |     4 |     8 |     4 |    13 |    17 |     5 ||    56
   Stab: Distracted        |       |       |       |       |     1 |       |       |     5 |       ||     6
         Invisible         |       |       |       |       |       |       |     1 |     7 |       ||     8
 Armour: Ring mail         |    43 |    47 |    34 |       |       |       |       |       |       ||   124
         Animal skin       |     1 |       |       |       |       |       |       |       |       ||     1
         Scale mail        |       |       |    19 |       |       |       |       |       |       ||    19
         Plate armour      |       |       |    61 |   352 |   601 |   394 |   429 |   554 |    84 ||  2475
  Dodge: Dodged            |    46 |    34 |    65 |   110 |   161 |    92 |    93 |   123 |    28 ||   752
  Block: Tower shield      |       |       |       |   137 |  1290 |  1303 |  1120 |  1442 |   158 ||  5450
         Reflection        |       |       |       |       |     6 |   177 |   147 |   143 |     1 ||   474
         Other             |       |       |       |       |     2 |       |       |       |       ||     2
